AoeStats
← OM | Kerry Copyto

Nomad

506517634Analyzed
4v4 RM · 18d ago on Sep 13, 2026· 33m 31s· 8 players
Game mode
Random Map
Map size
231×231
Population
200
Speed
Normal
Resources
Standard
Victory
Conquest
Starting age
Dark Age
Ending age
Imperial Age
RankedLock teamsTeams togetherTeam positionsShared explorationLock speedFull tech treeHidden civsTurbo modeCheats
Victory
Defeat
🇦🇷 Dravidians · Argentina
1538
+12
🇱🇹 Mongols · Lithuania
1396
+17
🇨🇳 Saracens · China
1345
+20
🇻🇪 Britons · Venezuela
1326
+20
🇲🇽 Vietnamese · Mexico
1502
-20
🇲🇽 Celts · Mexico
1440
-18
🇲🇽 Dravidians · Mexico
1395
-16
🇲🇽 Burgundians · Mexico
1376
-15
tiesiogsaras
5:00 Loom
12:07 Feudal Age
12:49 Double-Bit Axe
19:50 Castle Age
19:55 Fletching
21:00 Bodkin Arrow
21:18 Bow Saw
23:58 Horse Collar
31:07 Padded Archer Armor
Todas Mienten
10:22 Loom
13:32 Feudal Age
17:15 Castle Age
15:20 Double-Bit Axe
16:33 Fletching
17:05 Gold Mining
17:32 Crossbowman
18:31 Bow Saw
18:33 Horse Collar
19:22 Town Watch
20:53 Bodkin Arrow
23:09 Padded Archer Armor
24:45 Gold Shaft Mining
24:01 Stone Mining
25:56 Heavy Plow
26:56 Ballistics
29:17 Fishing Lines
30:42 Leather Archer Armor
таҗик
11:25 Loom
14:13 Feudal Age
15:20 Double-Bit Axe
17:46 Castle Age
15:55 Fletching
17:24 Scale Mail Armor
18:05 Fishing Lines
18:00 Crossbowman
18:41 Bodkin Arrow
19:46 Gold Mining
27:55 Padded Archer Armor
34:05 Imperial Age
帝国新手
5:14 Loom
14:12 Feudal Age
17:05 Double-Bit Axe
19:34 Castle Age
17:35 Stone Mining
19:25 Gold Mining
20:51 Town Watch
22:34 Scale Barding Armor
22:31 Husbandry
22:42 Bloodlines
23:25 Wheelbarrow
23:26 Bow Saw
27:37 Forging
32:38 Horse Collar
33:29 Heavy Plow
34:32 Gold Shaft Mining
OM | Romeo D. Sins
2:56 Loom
12:26 Feudal Age
12:51 Man-at-Arms
13:22 Arson
13:59 Double-Bit Axe
15:11 Forging
15:45 Scale Mail Armor
22:22 Castle Age
21:51 Horse Collar
22:04 Gold Mining
23:43 Chain Mail Armor
24:03 Iron Casting
23:16 Gambesons
22:52 Long Swordsman
OM | Kerry Copyto
10:57 Loom
13:15 Feudal Age
14:29 Double-Bit Axe
19:59 Castle Age
18:32 Fletching
20:14 Crossbowman
20:50 Bodkin Arrow
25:13 Padded Archer Armor
34:13 Leather Archer Armor
Nataly_
8:03 Loom
10:55 Double-Bit Axe
14:40 Feudal Age
17:22 Bow Saw
19:23 Castle Age
17:33 Gold Mining
19:41 Gold Shaft Mining
21:14 Two-Man Saw
19:47 Demolition Ship
20:39 Medium Warships
OM | Massiosare
4:10 Loom
14:21 Feudal Age
24:42 Castle Age
30:59 Fletching
Connection lost

Rejoining the realm…

Still unreachable

The connection could not be restored.

Session expired

The server has moved on; the page needs a fresh start.